 Dungeon Crawl Stone Soup version 0.26-a0-613-g4f23886233 (webtiles) character file.

Game seed: 5427801257034678086

131 DogServant the Ruffian (level 4, 0/37 HPs)
             Began as a Draconian Transmuter on Sept 11, 2020.
             Slain by an orc
             ... wielding a +0 falchion
              (8 damage)
             ... while paralysed by Grinder
             ... on level 3 of the Dungeon.
             The game lasted 00:07:49 (2547 turns).

DogServant the Ruffian (Draconian Transmuter)       Turns: 2547, Time: 00:07:50

Health: 0/37       AC:  5    Str: 13    XL:     4   Next: 91%
Magic:  7/8        EV:  2    Int: 13    God:
Gold:   123        SH:  0    Dex: 12    Spells: 5/8 levels left

rFire    . . .     SeeInvis .     - Unarmed
rCold    . . .     Faith    .   (no shield)
rNeg     . . .     Spirit   .   (armour unavailable)
rPois    .         Reflect  .   (helmet currently unavailable)
rElec    .         Harm     .   (no cloak)
rCorr    .                      (no gloves)
MR       .....                  (boots currently unavailable)
Stlth    +.........             (no amulet)
HPRegen  0.12/turn              (no ring)
MPRegen  0.11/turn              (no ring)

@: paralysed, appendages (expiring)
A: unfitting armour, horns 2, talons 2, cold-blooded, AC +5
a: End Transformation


You were on level 3 of the Dungeon.
You had grown temporary horns.
You had grown temporary talons.
You visited 1 branch of the dungeon, and saw 3 of its levels.

You collected 123 gold pieces.

Inventory:

Jewellery
 g - an uncursed amulet of faith
 h - a cursed ring of teleportation {unknown}
Wands
 j - a wand of random effects (21)
Scrolls
 d - 3 scrolls of identify {unknown}
 f - 2 scrolls of enchant armour {unknown}
 i - a scroll of immolation {unknown}
 k - a scroll of magic mapping {unknown}
Potions
 a - a potion of heal wounds {unknown}
 b - a potion of flight {unknown}
 c - a potion of brilliance {unknown}
 e - 5 potions of curing {unknown}


   Skills:
 + Level 2.7 Fighting
 - Level 1.7 Dodging
 + Level 3.8 Unarmed Combat
 + Level 2.9 Spellcasting
 + Level 3.0 Transmutations


You had 5 spell levels left.
You knew the following spells:

 Your Spells              Type           Power        Failure   Level
a - Beastly Appendage     Tmut           #.....       7%          1
b - Wereblood             Tmut           #.......     10%         2

Your spell library contained the following spells:

 Spells                   Type           Power        Failure   Level
 Spider Form              Tmut/Pois      #.........   36%         3
 Ice Form                 Ice/Tmut       #.......     77%         4
 Blade Hands              Tmut           #.........   88%         5


Dungeon Overview and Level Annotations

Branches:
Dungeon (3/15)

Altars:

Annotations:
D:3 Grinder


Innate Abilities, Weirdness & Mutations

Your plain brown scales are hard. (AC +5)
You cannot fit into any form of body armour.
You are cold-blooded and may be slowed by cold attacks.
You have a pair of horns on your head.
You have razor-sharp toenails.


Message History

Grinder hits you but does no damage. The orc closely misses you.
You barely miss Grinder. Grinder hits you!
You writhe in agony.
The orc barely misses you.
You hit Grinder. You headbutt Grinder.
You tail-slap Grinder, but do no damage.
Grinder is lightly wounded.
Grinder hits you.
You writhe in agony.
The orc closely misses you.
You are too injured to fight recklessly!
You punch Grinder! You claw Grinder.
Grinder is heavily wounded.
Grinder says, "What is the universe for?"
Grinder gestures at you.
You suddenly lose the ability to move!
The orc hits you but does no damage.
Your transformation is almost over.
Grinder gestures at you. Pain shoots through your body!
The orc hits you with a +0 falchion.
Grinder blinks!
The orc hits you with a +0 falchion.
* * * LOW HITPOINT WARNING * * *
The orc hits you with a +0 falchion!
You die...

##### ############
....# #..........#
....## #..........#
.....###
#..........#
(..(.(.#
#....o...5.#
####>#.#
#....@..?..# #.#)#
#..........# #...##
#....(.....# ##...#
#.?........# #
#...######...######
# ##.........#.# #
###......##.# #
##...##..#.# ##
#..#.###.#.#


You could see Grinder and an orc.

Vanquished Creatures
  Jessica (D:2)
  Terence (D:3)
  An adder (D:2)
  An ooze (D:1)
  A worm (D:2)
  A dart slug (D:2)
  A leopard gecko (D:1)
  4 orcs
  A ball python (D:1)
  5 bats
  5 giant cockroaches
  11 goblins
  5 hobgoblins
  2 jackals
  4 frilled lizards (D:2)
  10 kobolds
  A rat (D:1)
55 creatures vanquished.

Notes
Turn   | Place    | Note
-------+----------+-------------------------------------------
     0 | D:1      | DogServant the Draconian Transmuter began the quest for the
                  | Orb.
     0 | D:1      | Reached XP level 1. HP: 16/16 MP: 3/3
   345 | D:1      | Reached XP level 2. HP: 23/23 MP: 3/5
   741 | D:2      | Reached XP level 3. HP: 29/29 MP: 4/6
  1375 | D:2      | Noticed Jessica
  1382 | D:2      | Killed Jessica
  1382 | D:2      | Reached XP level 4. HP: 24/37 MP: 5/7
  1620 | D:2      | Learned a level 2 spell: Wereblood
  2202 | D:3      | Noticed Terence
  2210 | D:3      | Killed Terence
  2536 | D:3      | Noticed Grinder
  2544 | D:3      | Paralysed by Grinder for 5 turns
  2547 | D:3      | Slain by an orc

Illustrated notes

Levels and vault maps discovered:
D:1:      elethiomel_arrival_maze, layout_basic, chequers_serial_rivers_marsh,
          minmay_hexomino_p4
D:2:      layout_basic, uniq_jessica
D:3:      layout_rooms, tso_altar, uniq_grinder, uniq_terence

Skill      XL: |  1  2  3  4 |
---------------+-------------+-----
Fighting       | 2 |  2.7
Transmutations | 3 |  3.0
Dodging        | |  1.7
Unarmed Combat | |  3.8
Spellcasting   | |  2.9

Action                   |  1- 3 |  4- 6 || total
-------------------------+-------+-------++-------
Melee: Unarmed           |    82 |    73 ||   155
       Tailslap          |     9 |     6 ||    15
       Headbutt          |     6 |     6 ||    12
       Kick              |    10 |    10 ||    20
       Punch             |     1 |       ||     1
 Cast: Beastly Appendage |    22 |    16 ||    38
       Wereblood         |       |     1 ||     1
 Stab: Sleeping          |     2 |       ||     2
Armor: Skin              |    31 |    47 ||    78
Dodge: Dodged            |    71 |    61 ||   132

Table legend: (Time is in decaauts)
 A = Elapsed time spent in this place.
 B = Non-inter-level travel time spent in this place.
 C = Inter-level travel time spent in this place.
 D = Time resting spent in this place.
 E = Time spent auto-exploring this place.
 F = Levels seen in this place.
 G = Mean time per level.
                   A        B        C        D        E       F      G
               +--------+--------+--------+--------+--------+-----+--------+
         Total |   2543 |   2449 |     94 |    220 |   1721 |   3 |  847.7 |
       Dungeon |   2543 |   2449 |     94 |    220 |   1721 |   3 |  847.7 |
               +--------+--------+--------+--------+--------+-----+--------+

Top non-repeatable levels by time:
     D:2: 1268 daAuts
     D:1: 885 daAuts
     D:3: 390 daAuts
